 Dungeon Crawl Stone Soup version 0.26.1-11-gd32895ea62 (webtiles) character file.

Game seed: 6954238637333438890

136 Zeld the Sneak (level 5, -4/34 HPs)
             Began as an Octopode Brigand on May 14, 2021.
             Killed from afar by an orc wizard (8 damage)
             ... with a puff of frost
             ... on level 3 of the Dungeon.
             The game lasted 00:03:02 (2424 turns).

Zeld the Sneak (Octopode Brigand)                   Turns: 2424, Time: 00:03:02

Health: -4/34      AC:  1    Str: 12    XL:     5   Next: 19%
Magic:  8/8        EV: 13    Int: 13    God:
Gold:   87         SH:  0    Dex: 13    Spells: 8/8 levels left

rFire    . . .     SeeInvis .   a - +2 dagger
rCold    . . .     Faith    .   (no shield)
rNeg     . . .     Spirit   .   (helmet restricted)
rPois    .         Reflect  .   (no amulet)
rElec    .         Harm     .   (no ring)
rCorr    .         Rampage  .   (no ring)
Will     .....                  (no ring)
Stlth    ++++......             (no ring)
HPRegen  0.11/turn              (no ring)
MPRegen  0.11/turn              (no ring)
                                (no ring)
                                (no ring)

@: no status effects
A: almost no armour, stealthy swim, amphibious, 8 rings, constrict 8, camouflage
1, gelatinous body 1
a: no special abilities


You were on level 3 of the Dungeon.
You visited 1 branch of the dungeon, and saw 3 of its levels.

You collected 87 gold pieces.

Inventory:

Hand Weapons
 a - a +2 dagger (weapon)
Missiles
 b - 8 poisoned darts (quivered)
 c - 7 curare-tipped darts
Jewellery
 e - an uncursed ring of see invisible {unknown}
Scrolls
 f - 3 scrolls of identify {unknown}
 h - 2 scrolls of amnesia {unknown}
 i - a scroll of magic mapping {unknown}
 k - 2 scrolls of blinking {unknown}
 l - a scroll of random uselessness {unknown}
 m - a scroll of noise {unknown}
Potions
 d - 2 potions of attraction {unknown}
 g - 3 potions of heal wounds {unknown}
 j - a potion of mutation {unknown}
 n - a potion of lignification {unknown}


   Skills:
 - Level 2.0 Fighting
 * Level 4.4 Short Blades
 - Level 2.0 Throwing
 - Level 1.0 Dodging
 - Level 5.3 Stealth
 + Level 2.1 Spellcasting


You had 8 spell levels left.
You didn't know any spells.
Your spell library was empty.

Dungeon Overview and Level Annotations

Branches:
Dungeon (3/15)

Altars:
Elyvilon
Qazlal
Vehumet


Innate Abilities, Weirdness & Mutations

You cannot wear most types of armour.
You are very stealthy in the water. (Stealth+)
You are amphibious.
You can wear up to eight rings at the same time.
You can use your tentacles to constrict eight enemies at once.
Your skin changes colour to match your surroundings (Stealth+).
Your rubbery body absorbs attacks. (AC +1, EV +1)


Message History

The orc wizard shouts!
You hear a shout!
The orc wizard gestures wildly while chanting.
The orc wizard seems to speed up.
An orc comes into view. It is wielding a +0 hand axe.
You see here 16 gold pieces.
You now have 87 gold pieces (gained 16).
An orc comes into view. It is wielding a +0 club.
The orc wizard casts a spell at you. The puff of frost hits you!
Found a stone staircase leading down.
The orc wizard casts a spell at you. The puff of flame hits you!
* * * LOW HITPOINT WARNING * * *
The orc wizard points at you and mumbles some strange words.
The magic dart hits you.
* * * LOW HITPOINT WARNING * * *
You hear the slow rusting of a very distant drain.
The orc wizard gestures at you while chanting.
The puff of frost hits you!
You die...

##...........#
##≈..♣..≈#o.##
#≈≈...≈≈##..#
###...####..#
#......#..##
#...)..##.o#
#......##..#
#......##..#
#########.@#
##.# #.# #.#
#.# #.# #.#
#.#


You could see an orc wizard (fast) and an orc.

Vanquished Creatures
  Jessica (D:2)
  3 adders (D:2)
  An ooze (D:2)
  An adder skeleton (D:2)
  A worm (D:2)
  5 dart slugs
  A leopard gecko (D:2)
  2 orcs (D:3)
  A ball python (D:1)
  8 bats
  5 giant cockroaches
  4 hobgoblins
  3 quokkas
  7 frilled lizards
  7 goblins
  3 kobolds
  11 rats
64 creatures vanquished.

Notes
Turn   | Place    | Note
-------+----------+-------------------------------------------
     0 | D:1      | Zeld the Octopode Brigand began the quest for the Orb.
     0 | D:1      | Reached XP level 1. HP: 14/14 MP: 1/1
    88 | D:1      | Reached XP level 2. HP: 15/19 MP: 2/2
   367 | D:1      | Reached skill level 1 in Spellcasting
   562 | D:1      | Reached XP level 3. HP: 23/24 MP: 4/4
  1251 | D:2      | Noticed Jessica
  1253 | D:2      | Killed Jessica
  1254 | D:2      | Reached XP level 4. HP: 29/29 MP: 4/6
  1479 | D:2      | Found a stormy altar of Qazlal.
  1830 | D:2      | Found a radiant altar of Vehumet.
  1855 | D:2      | Reached XP level 5. HP: 25/34 MP: 8/8
  2376 | D:3      | Found a white marble altar of Elyvilon.
  2424 | D:3      | Killed from afar by an orc wizard

Illustrated notes

Levels and vault maps discovered:
D:1:      minmay_arrival_pointy, layout_loops_ring
D:2:      layout_basic, vehumet_crystals, old_standard_altar, uniq_jessica
D:3:      layout_basic, makhleb_heckhound_becter, kennysheep_vampire_church,
          lemuel_crystal_altar, portal_sewer_entry_d, st_stairs_10,
          elyvilon_altar_4

Skill      XL: |  1  2  3  4 |
---------------+-------------+-----
Spellcasting   | 1 2 |  2.1
Short Blades   | 3 4 |  4.4
Fighting       | |  2.0
Throwing       | |  2.0
Dodging        | |  1.0
Stealth        | |  5.3

Action                   |  1- 3 |  4- 6 || total
-------------------------+-------+-------++-------
Melee: Dagger            |    48 |    52 ||   100
       Constrict         |    11 |     8 ||    19
       Tentacles         |     5 |     6 ||    11
 Stab: Sleeping          |     9 |    23 ||    32
Armor: Skin              |     1 |       ||     1
Dodge: Dodged            |    32 |     7 ||    39
